 Dungeon Crawl Stone Soup version 0.30-b1-2-g02819fbbbe (webtiles) character file.

Game seed: 16991882293687230224

89485 Farlane the Executioner (level 15, -10/145 HPs)
             Began as a Hill Orc Monk on Oct 12, 2023.
             Was the Champion of Beogh.
             Mangled by a +4 heavy dire flail (31 damage)
             ... on level 1 of the Elven Halls.
             The game lasted 01:18:10 (21302 turns).

Farlane the Executioner (Hill Orc Monk)            Turns: 21302, Time: 01:18:11

Health: -10/145    AC: 33    Str: 30    XL:     15   Next: 97%
Magic:  21/21      EV: 14    Int: 10    God:    Beogh [******]
Gold:   1331       SH:  0    Dex:  6    Spells: 14/14 levels left

rFire   + . .        a - +5 battleaxe "Zakk" {flame, rPois rN+ Str+2}
rCold   . . .        (shield currently unavailable)
rNeg    + + +        H - +6 plate armour "Qiut" {Harm rCorr Str+6 Dex-3}
rPois   +            E - +2 hat {Will+}
rElec   .            x - +2 cloak
rCorr   +            l - +2 pair of gloves of Uskayaw's Hatred {rF- Will++}
SInv    .            C - +0 pair of boots
Will    ++++.        e - amulet of Ryux {Harm rF+ rN+++ Regen+ Dex-4} Stlth
                     R - +5 ring of evasion
HPRegen 1.24/turn    s - ring of protection from fire
MPRegen 0.17/turn

%: harm (+45% outgoing, +30% incoming)
@: no status effects
A: walk on water
a: Renounce Religion, Smiting, Recall Orcish Followers, Give Item to Named
Follower, Resurrection


You were on level 1 of the Elven Halls.
You worshipped Beogh.
Beogh was exalted by your worship.
You visited 4 branches of the dungeon, and saw 23 of its levels.
You visited 1 bazaar.
You also visited: Bailey.

You collected 3227 gold pieces.
You spent 1896 gold pieces at shops.

Inventory:

Hand Weapons
 a - the +5 battleaxe "Zakk" (weapon) {flame, rPois rN+ Str+2}
   (You acquired it on level 9 of the Dungeon)

   Str:       It affects your strength (+2).
   rPois:     It protects you from poison.
   rN:        It protects you from negative energy.
 b - the +5 hand axe "Hell-Harrower" {pain, rC+}
   (You found it on level 2 of the Dungeon)

   rC:        It protects you from cold.
 c - the +10 hand axe of Eternal Vigilance {antimagic, Int+4 Dex+6}
   (You found it on level 5 of the Lair of Beasts)

   Int:       It affects your intelligence (+4).
   Dex:       It affects your dexterity (+6).
 d - a +0 shortbow
 u - a -1 demon whip of venom
 V - a +0 halberd of electrocution
Missiles
 i - 3 throwing nets (quivered)
 G - 16 boomerangs
Armour
 l - the +2 pair of gloves of Uskayaw's Hatred (worn) {rF- Will++}
   (You found it on level 1 of the Lair of Beasts)

   rF:        It makes you vulnerable to fire.
   Will:      It greatly increases your willpower.
 q - an orb of light
 r - the +0 kite shield "Ossoduy" {rElec Int+2 Stlth+}
   (You bought it in a shop in a bazaar)

   Int:       It affects your intelligence (+2).
   rElec:     It insulates you from electricity.
   Stlth:     It makes you more stealthy.
 x - a +2 cloak (worn)
 C - a +0 pair of boots (worn)
 E - a +2 hat of willpower (worn)
 H - the +6 plate armour "Qiut" (worn) {Harm rCorr Str+6 Dex-3}
   (You bought it in a shop in a bazaar)

   Str:       It affects your strength (+6).
   Dex:       It affects your dexterity (-3).
   rCorr:     It protects you from acid and corrosion.
   Harm:      It increases damage dealt and taken.
 I - the +0 cloak of Refuge {Str+5}
   (You bought it in a shop on level 2 of the Orcish Mines)

   Str:       It affects your strength (+5).
 Q - a +2 scale mail of willpower
Jewellery
 e - the amulet of Ryux (around neck) {Harm rF+ rN+++ Regen+ Dex-4}
   (You acquired it in a bailey)

   [amulet of regeneration]

   Dex:       It affects your dexterity (-4).
   rF:        It protects you from fire.
   rN:        It renders you almost immune to negative energy.
   Regen:     It increases your rate of health regeneration.
   Harm:      It increases damage dealt and taken.
 s - a ring of protection from fire (right hand)
 K - an amulet of reflection
 L - a ring of resist corrosion
 O - a ring of poison resistance
 P - a +4 ring of protection
 R - a +5 ring of evasion (left hand)
 Z - a ring of magical power
Wands
 h - a wand of acid (7)
Scrolls
 j - 4 scrolls of enchant armour
 k - a scroll of torment
 o - 3 scrolls of silence
 t - a scroll of enchant weapon
 w - a scroll of brand weapon
 y - 3 scrolls of blinking
 B - 13 scrolls of teleportation
 D - 4 scrolls of immolation
 M - 3 scrolls of fog
 N - 2 scrolls of summoning
 U - a scroll of fear
Potions
 f - 4 potions of flight
 g - 6 potions of attraction
 m - 4 potions of resistance
 n - 11 potions of curing
 p - 4 potions of might
 v - 9 potions of lignification
 z - 6 potions of brilliance
 A - 4 potions of berserk rage
 F - 6 potions of haste
 S - a potion of experience


   Skills:
 + Level 16.7 Fighting
 + Level 22.1 Axes
 + Level 13.9 Armour
 - Level 6.0 Dodging
 - Level 4.4 Stealth
 * Level 6.4 Shields
 + Level 0.6 Unarmed Combat
 * Level 8.4 Invocations


You had 14 spell levels left.
You didn't know any spells.
Your spell library contained the following spells:

 Spells                   Type           Power      Damage    Failure   Level
 Apportation              Tloc           0%         N/A       91%         1
 Necrotise                Necr           0%         1d4       91%         1
 Sandblast                Erth           0%         2d4       91%         1
 Summon Small Mammal      Summ           0%         N/A       91%         1
 Blink                    Tloc           0%         N/A       97%         2
 Lesser Beckoning         Tloc           0%         N/A       97%         2
 Momentum Strike          Conj/Tloc      0%         3d8       97%         2
 Passwall                 Tmut/Erth      0%         N/A       97%         2
 Frozen Ramparts          Ice            0%         1d1       100%        3
 Ignite Poison            Fire/Tmut/Pois 0%         N/A       100%        3
 Ozocubu's Armour         Ice            0%         N/A       100%        3
 Stone Arrow              Conj/Erth      0%         3d7       100%        3
 Summon Guardian Golem    Hex/Summ       0%         N/A       100%        3
 Vhi's Electric Charge    Tloc/Air       0%         N/A       100%        3
 Animate Armour           Summ/Erth      0%         N/A       100%        4
 Ice Form                 Ice/Tmut       0%         N/A       100%        4
 Manifold Assault         Tloc           0%         N/A       100%        4
 Sticky Flame             Conj/Fire      0%         2d3       100%        4
 Summon Ice Beast         Ice/Summ       0%         N/A       100%        4
 Arcjolt                  Conj/Air       0%         1d10      100%        5
 Blade Hands              Tmut           0%         N/A       100%        5
 Borgnjor's Vile Clutch   Necr/Erth      0%         N/A       100%        5
 Metabolic Englaciation   Hex/Ice        0%         N/A       100%        5
 Dispersal                Tloc           0%         N/A       100%        6
 Iron Shot                Conj/Erth      0%         9d1       100%        6
 Plasma Beam              Fire/Air       0%         2x1d11    100%        6
 Simulacrum               Ice/Necr       0%         N/A       100%        6
 Orb of Destruction       Conj           0%         9d5       100%        7
 Spellforged Servitor     Conj/Summ      0%         N/A       100%        7
 Disjunction              Tloc           0%         N/A       100%        8
 Ignition                 Fire           0%         3d3       100%        8
 Maxwell's Capacitive Co  Air            0%         ∞         100%        8


Dungeon Overview and Level Annotations

Branches:
Dungeon (15/15) Temple (0/1) D:4 Lair (5/5) D:10 Shoals (0/4) Lair:3 Snake (0/4) Lair:2 Slime (0/5) Lair:4 Orc (2/2) D:9 Elf (1/3) Orc:2 Vaults (0/5) D:13 D:14 Depths (0/4) D:15 Bailey (visited)

Altars:
Cheibriados
Gozag
Kikubaaqudgha
Makhleb
Nemelex Xobeh
Qazlal
Ru
Vehumet
Wu Jian
Yredelemnul
Beogh
Jiyva
Lugonu

Shops:
D:3 (   D:12 (   D:13 (   D:15 ?:[(   Orc:2 **([[

Portals:
Abyss: Lair:5

Annotations:
D:14 2 transporters, Farlane's ghost, journeyman HOMo


Message History

a +0 arbalest; a +0 glaive; an orc corpse You slice the +2 trident of distortion!!
You burn the +2 trident of distortion.
The +2 trident of distortion falls from the air.
Beogh accepts your kill.
Unknown command.
The deep elf archer unwields a +0 dagger.
The deep elf archer wields a +0 longbow.
The deep elf archer shoots an arrow.
The arrow misses you.
You see here a +2 trident of distortion.
Unknown command.
Found a wand of flame (6).
Horkud closely misses the deep elf knight.
The deep elf archer mumbles some strange words.
The deep elf archer blinks!
Horkud hits the deep elf knight with a +4 halberd of draining!!
You hit the +4 heavy dire flail.
The +4 heavy dire flail is lightly damaged.
The deep elf archer shoots an arrow.
The arrow hits you!
The deep elf knight shoots an arrow.
The arrow hits Horkud!
Bogmar hits the deep elf knight from afar with a +1 halberd of electrocution!
The +4 heavy dire flail hits you!!
* * * LOW HITPOINT WARNING * * *
Horkud hits the deep elf knight with a +4 halberd of draining!!
The deep elf knight dies!
Beogh accepts your kill.
The +4 heavy dire flail attacks as you move away!
The +4 heavy dire flail hits you.
* * * LOW HITPOINT WARNING * * *
The deep elf archer shoots an arrow.
The arrow misses you.
The deep elf archer shoots an arrow.
The arrow hits you but does no damage.
Unknown command.
The deep elf archer shoots an arrow.
The arrow completely misses you.
The +4 heavy dire flail hits you but does no damage.
Something completely misses the +4 heavy dire flail.
You completely miss the +4 heavy dire flail.
The +4 heavy dire flail is lightly damaged.
Beogh accepts your kill.
You feel a bit more experienced. The +4 heavy dire flail hits you!!
You die...

#.# # ####.# ##
## #..... .#
.## #.##.###.#
..## #.##e##o#
...##
####.##.#.o#
.....
.......oooo#
.....
###.##o#.o#
...## #@##)##o#
.#.#
.#####(##.####
##.#
....e.........#
# .#
..88888888.####
# .####
#.8888.888.#
##....
...........# )
... ..###
#.....8....#


ee)) ....# #.....8..... e#Ee ....####.#...........# eee You could see a +4 heavy
dire flail.

Vanquished Creatures
  Jorgrun (Orc:1)
  Snorg (D:13)
  An ettin (Orc:1)
  A hydra (D:15)
  A catoblepas (Lair:2)
  4 centaur warriors
  A boulder beetle (D:10)
  2 dancing weapons (Elf:1)
  4 two-headed ogres
  2 tengu warriors (D:15)
  A thrashing horror (Lair:5)
  4 deep elf knights (Elf:1)
  Amaemon (Lair:3)
  3 skysharks
  A fire crab (Lair:4)
  A fire crab (shapeshifter) (Lair:5)
  Lodul (D:10)
  4 skeletal warriors (D:12)
  A deep elf archer (Elf:1)
  Pikel (D:6)
  2 large abominations (Lair:5)
  4 deep elf pyromancers (Elf:1)
  2 orc knights
  3 deep elf zephyrmancers (Elf:1)
  An orc sorcerer (D:15)
  A manticore (D:13)
  3 elephants (Lair:1)
  5 cyclopes
  4 ugly things
  A naga mage (D:15)
  2 black mambas (Lair:5)
  A molten gargoyle (Lair:2)
  3 cane toads
  Psyche (D:10)
  2 kobold demonologists (D:12)
  2 centaur skeletons (D:15)
  2 komodo dragons
  A yaktaur (D:10)
  A rime drake (Lair:3)
  A freezing wraith (D:11)
  A tengu conjurer (D:15)
  An ancient zyme (Lair:5)
  A merfolk (Lair:3)
  A queen bee (shapeshifter) (D:14)
  A troll (shapeshifter) (Lair:5)
  4 trolls
  2 hornets (Lair:3)
  22 blink frogs
  A harpy skeleton (D:15)
  5 dream sheep
  5 slime creatures
  Sigmund (D:6)
  A shadow (D:13)
  2 spriggans
  2 water elementals (D:14)
  3 vampires
  3 wraiths
  2 small abominations (Lair:5)
  A wyvern (D:7)
  A human (D:14)
  2 fire elementals (Elf:1)
  20 yaks
  A basilisk (D:14)
  3 chaos spawn (Lair:5)
  A steam dragon (Lair:1)
  7 vampire mosquitoes
  4 wargs
  A naga (Lair:2)
  An acid dragon (D:11)
  4 water moccasins
  8 orc warriors
  3 black bears
  12 ogres
  17 wolves
  10 centaurs
  A phantom (D:7)
  2 lemures (D:6)
  6 bullfrogs
  A gnoll sergeant (D:10)
  3 scorpions
  4 wights (D:8)
  12 killer bees
  3 electric eels
  3 howler monkeys
  2 hounds (D:5)
  4 jellies
  Crazy Yiuf (D:3)
  4 orc priests
  2 iguanas
  Natasha (twice) (D:2)
  9 orc wizards
  13 gnolls
  7 adders
  A shadow imp (D:8)
  A white imp (D:7)
  2 ufetubi
  A worm (D:4)
  3 dart slugs
  23 orcs
  4 endoplasms
  2 giant cockroaches
  6 hobgoblins
  2 jackals (D:1)
  7 kobolds
  4 quokkas
  10 ball pythons
  10 bats
  14 goblins
  3 rats
  A fire vortex (Lair:2)
  5 plants
410 creatures vanquished.

Vanquished Creatures (collateral kills)
  Zenata (Elf:1)
  A lich (D:10)
  Gastronok (Lair:3)
  Kirke (D:14)
  Agnes (D:14)
  A deep elf demonologist (Elf:1)
  Nessos (D:13)
  The ghost of Subbak the Slicer, a journeyman VSBr of Uskayaw (Lair:4)
  The ghost of nightchill the Cleaver, a journeyman GrMo of Ashenzari (Lair:2)
  The ghost of diceflayer the Fighter, a journeyman MiFi (D:10)
  3 hydras
  A death knight (D:11)
  2 catoblepae
  3 centaur warriors
  3 boulder beetles
  3 dancing weapons (Elf:1)
  2 two-headed ogres
  A thrashing horror (Lair:5)
  2 deep elf knights (Elf:1)
  5 skeletal warriors
  A flayed ghost (D:10)
  A lindwurm (Lair:5)
  5 deep elf pyromancers
  2 necromancers
  2 orc knights
  An ugly thing (D:14)
  3 deep elf zephyrmancers (Elf:1)
  2 manticores
  3 cyclopes
  5 elephants
  Maurice (Orc:1)
  An orange demon (Lair:3)
  3 black mambas
  A naga mage (D:15)
  A smoke demon (Lair:5)
  4 gargoyles
  2 cane toads
  A rime drake (Lair:2)
  5 komodo dragons
  An ancient zyme (Lair:5)
  A freezing wraith (D:11)
  3 trolls
  2 polar bears
  4 hornets
  6 dream sheep
  18 blink frogs
  2 centaur simulacra (D:15)
  An air elemental (Elf:1)
  6 slime creatures
  A shadow (D:11)
  3 wraiths
  2 wyverns (Lair:3)
  A ynoxinul (Lair:5)
  A spriggan (Lair:2)
  27 yaks
  4 hogs (D:14)
  4 basilisks
  A vampire (D:10)
  8 vampire mosquitoes
  15 humans (D:14)
  A steam dragon (Lair:4)
  A chaos spawn (Lair:5)
  4 wargs
  6 water moccasins
  6 small abominations (Lair:5)
  7 orc warriors
  A black bear (Lair:2)
  10 wolves
  2 ogres
  10 centaurs
  7 bullfrogs
  4 killer bees
  3 howler monkeys
  4 orc priests
  2 orc wizards
  3 gnolls
  10 orcs
  A goblin (D:9)
  A kobold (D:12)
  A fungus (Lair:1)
  3 plants (Lair:3)
277 creatures vanquished.

Vanquished Creatures (others)
  3 orc knights
  A dancing weapon (Elf:1)
  A deep elf knight (Elf:1)
  2 deep elf zephyrmancers (Elf:1)
  4 orc priests
  A human (D:14)
  13 orc warriors
  5 orc wizards
  21 orcs
  56 fungi
  66 plants
173 creatures vanquished.

Grand Total: 860 creatures vanquished

Notes
Turn   | Place    | Note
-------+----------+-------------------------------------------
     0 | D:1      | Farlane the Hill Orc Monk began the quest for the Orb.
     0 | D:1      | Reached XP level 1. HP: 19/19 MP: 1/1
   114 | D:1      | Reached XP level 2. HP: 27/27 MP: 2/2
   436 | D:1      | Found a faded altar of an unknown god.
   559 | D:1      | Reached XP level 3. HP: 29/33 MP: 3/3
   867 | D:2      | Reached skill level 5 in Axes
  1343 | D:2      | Identified the +5 hand axe "Hell-Harrower" {pain, rC+}
  1393 | D:2      | Reached XP level 4. HP: 40/40 MP: 4/4
  1585 | D:2      | Noticed Natasha
  1596 | D:2      | Killed Natasha
  1667 | D:2      | Noticed Natasha
  1679 | D:2      | Killed Natasha
  1680 | D:2      | Reached skill level 1 in Armour
  1680 | D:2      | Reached XP level 5. HP: 41/47 MP: 5/5
  1760 | D:3      | Found Remmog's Antique Weapon Boutique.
  2289 | D:3      | Found a runed translucent door.
  2290 | D:3      | Noticed Crazy Yiuf
  2648 | D:3      | Killed Crazy Yiuf
  2649 | D:3      | Reached skill level 1 in Stealth
  2779 | D:4      | Found a staircase to the Ecumenical Temple.
  2904 | D:4      | Noticed a black bear
  2913 | D:4      | Killed a black bear
  2914 | D:4      | Reached skill level 6 in Axes
  2914 | D:4      | Reached XP level 6. HP: 34/53 MP: 6/6
  3334 | D:5      | Entered Level 5 of the Dungeon
  3436 | D:5      | Reached skill level 7 in Axes
  3848 | D:5      | Noticed a black bear
  3855 | D:5      | Killed a black bear
  3856 | D:5      | Reached XP level 7. HP: 53/60 MP: 7/7
  3921 | D:5      | Noticed a two-headed ogre
  3939 | D:5      | Reached skill level 8 in Axes
  3940 | D:5      | Killed a two-headed ogre
  3941 | D:5      | Reached skill level 5 in Fighting
  3941 | D:5      | Reached skill level 9 in Axes
  3941 | D:5      | Reached skill level 5 in Armour
  3941 | D:5      | Reached XP level 8. HP: 33/70 MP: 8/8
  4064 | D:5      | You fall into a shaft and drop 3 floors!
  4116 | D:7      | Reached skill level 10 in Axes
  4608 | D:5      | Found a basalt altar of Yredelemnul.
  4713 | D:6      | Reached XP level 9. HP: 61/75 MP: 9/9
  4843 | D:6      | Noticed Sigmund
  4844 | D:6      | Noticed Pikel
  4857 | D:6      | Killed Sigmund
  4871 | D:6      | Killed Pikel
  4872 | D:6      | Reached skill level 11 in Axes
  4975 | D:6      | Became a worshipper of Beogh the Brigand
  4975 | D:6      | Reached * piety under Beogh
  4975 | D:6      | Reached ** piety under Beogh
  5439 | D:7      | Identified the +0 leather armour "Kelaomu" {*Slow Will+
                  | Int+2 Stlth+}
  5745 | D:7      | Reached skill level 12 in Axes
  5953 | D:7      | Reached XP level 10. HP: 54/86 MP: 10/10
  6456 | D:8      | Reached skill level 13 in Axes
  6548 | D:8      | Reached *** piety under Beogh
  6745 | D:8      | Found an ornate altar of the Wu Jian Council.
  6753 | D:8      | Found a radiant altar of Vehumet.
  6758 | D:8      | Found an ancient bone altar of Kikubaaqudgha.
  6765 | D:8      | Found a snail-covered altar of Cheibriados.
  6771 | D:8      | Found a sacrificial altar of Ru.
  6778 | D:8      | Found an opulent altar of Gozag.
  6784 | D:8      | Found a sparkling altar of Nemelex Xobeh.
  6974 | D:9      | Identified a scroll of acquirement
  6975 | D:9      | Acquired the +5 battleaxe "Zakk" {flame, rPois rN+ Str+2}
  7284 | D:9      | Found a staircase to the Orcish Mines.
  7319 | D:9      | Reached skill level 14 in Axes
  7357 | D:9      | Noticed a two-headed ogre
  7362 | D:9      | Killed a two-headed ogre
  7367 | D:9      | Found a flagged portal.
  7398 | Bailey   | Entered a bailey
  7979 | Bailey   | Acquired the amulet of Ryux {Harm rF+ rN+++ Regen+ Dex-4}
  8567 | D:10     | Entered Level 10 of the Dungeon
  8583 | D:10     | Noticed Psyche
  8594 | D:10     | Reached XP level 11. HP: 97/97 MP: 11/11
  8599 | D:10     | Killed Psyche
  8600 | D:10     | Reached skill level 15 in Axes
  8776 | D:10     | Found a staircase to the Lair.
  8785 | D:10     | Found a stormy altar of Qazlal.
  8789 | D:10     | Found a runed translucent door.
  8793 | D:10     | Noticed a flayed ghost
  8802 | D:10     | Noticed a skeletal warrior
  8802 | D:10     | Noticed a boulder beetle
  8803 | D:10     | Noticed a lich
  8804 | D:10     | Found a runed translucent door.
  8806 | D:10     | Noticed a necromancer
  8807 | D:10     | Noticed diceflayer's ghost (journeyman MiFi)
  8972 | D:10     | Reached **** piety under Beogh
  9143 | D:10     | Noticed Lodul
  9151 | D:10     | Killed Lodul
  9152 | D:10     | Reached skill level 10 in Armour
  9412 | D:10     | Killed a boulder beetle
  9413 | D:10     | Reached skill level 16 in Axes
  9422 | D:10     | Killed diceflayer's ghost
  9423 | D:10     | Killed a lich
  9424 | D:10     | Reached skill level 10 in Fighting
  9425 | D:10     | Killed a flayed ghost
  9429 | D:10     | Killed a necromancer
  9431 | D:10     | Killed a skeletal warrior
  9487 | D:10     | Got Epnotoll's Codex of Calorific Talus
  9538 | Lair:1   | Entered Level 1 of the Lair of Beasts
  9570 | Lair:1   | Reached skill level 1 in Invocations
  9578 | Lair:1   | Reached XP level 12. HP: 104/107 MP: 13/13
  9580 | Lair:1   | Reached skill level 17 in Axes
  9655 | Lair:1   | Acquired 1056 gold pieces
  9705 | Lair:1   | Gained Morun as an ally
  9706 | Lair:1   | Noticed a boulder beetle
  9717 | Lair:1   | Killed a boulder beetle
  9743 | Lair:1   | Identified the +2 pair of gloves of Uskayaw's Hatred {rF-
                  | Will++}
  9797 | Lair:1   | Reached ***** piety under Beogh
 10193 | Lair:1   | Reached skill level 5 in Dodging
 10204 | Lair:1   | Reached skill level 18 in Axes
 10500 | Lair:2   | Found a staircase to the Snake Pit.
 10545 | Lair:2   | Found a runed translucent door.
 10549 | Lair:2   | Identified the +7 trident of Ipehosh {heavy, rElec rC+
                  | Stlth+}
 10564 | Lair:2   | Noticed nightchill's ghost (journeyman GrMo)
 10753 | Lair:2   | Noticed a skyshark
 10759 | Lair:2   | Gained Horkud as an ally
 10759 | Lair:2   | Killed a skyshark
 10795 | Lair:2   | Noticed a five-headed hydra
 10799 | Lair:2   | Killed a four-headed hydra
 10890 | Lair:2   | Noticed a catoblepas
 10896 | Lair:2   | Killed a catoblepas
 11046 | Lair:2   | Reached XP level 13. HP: 102/118 MP: 14/14
 11053 | Lair:2   | Killed nightchill's ghost
 11250 | Lair:3   | Reached skill level 19 in Axes
 11529 | Lair:3   | Noticed Amaemon
 11534 | Lair:3   | Killed Amaemon
 11711 | Lair:3   | Noticed Gastronok
 11721 | Lair:3   | Killed Gastronok
 11792 | Lair:3   | Found a staircase to the Shoals.
 12401 | Lair:4   | Gained Bogmar as an ally
 12456 | Lair:4   | Found a runed translucent door.
 12457 | Lair:4   | Noticed Subbak's ghost (journeyman VSBr)
 12460 | Lair:4   | Reached ****** piety under Beogh
 12468 | Lair:4   | Killed Subbak's ghost
 12469 | Lair:4   | Reached skill level 20 in Axes
 12476 | Lair:4   | Identified the +1 scale mail of Wohedwai {Str+3 Int+4
                  | Dex-2}
 12746 | Lair:4   | Found a viscous altar of Jiyva.
 12746 | Lair:4   | Found a staircase to the Slime Pits.
 13280 | Lair:5   | Entered Level 5 of the Lair of Beasts
 13360 | Lair:5   | Gained Hawl as an ally
 13590 | Lair:5   | Identified the +2 leather armour of the Kettle-Drum {Int+4}
 13632 | Lair:5   | Reached XP level 14. HP: 96/132 MP: 15/15
 14119 | Lair:5   | Found a corrupted altar of Lugonu.
 14120 | Lair:5   | Found a one-way gate to the infinite horrors of the Abyss.
 14279 | Lair:5   | Identified the +10 hand axe of Eternal Vigilance
                  | {antimagic, Int+4 Dex+6}
 14564 | Orc:1    | Entered Level 1 of the Orcish Mines
 14575 | Orc:1    | Found a roughly hewn altar of Beogh.
 14778 | Orc:1    | Noticed Jorgrun
 14784 | Orc:1    | Killed Jorgrun
 14804 | Orc:1    | Noticed Maurice
 14811 | Orc:1    | Killed Maurice
 14883 | Orc:1    | Reached skill level 1 in Shields
 15013 | Orc:2    | Entered Level 2 of the Orcish Mines
 15013 | Orc:2    | Found a staircase to the Elven Halls.
 15044 | Orc:2    | Found Offos's Assorted Antiques.
 15140 | Orc:1    | Found a roughly hewn altar of Beogh.
 15316 | Orc:2    | Found a burning altar of Makhleb.
 15517 | Orc:2    | Gained Wardok as an ally
 15614 | Orc:2    | Gained Borgk as an ally
 15618 | Orc:2    | Found Xakuugh's Antique Weapon Shop.
 15618 | Orc:2    | Found Veviatat's Antique Armour Shoppe.
 15618 | Orc:2    | Found Xoqecs's Antique Armour Emporium.
 15620 | Orc:2    | Reached skill level 21 in Axes
 15625 | Orc:2    | Found Hinwuory's Assorted Antiques.
 16050 | Orc:2    | Bought a fine cloak for 313 gold pieces
 16050 | Orc:2    | Identified the +0 cloak of Refuge {Str+5} (You bought it in
                  | a shop on level 2 of the Orcish Mines)
 16358 | D:11     | Reached skill level 15 in Fighting
 16466 | D:11     | Found a gateway to a bazaar.
 16486 | D:11     | Gained Bladwarg as an ally
 16498 | Bazaar   | Entered a bazaar
 16498 | Bazaar   | Found Imacsis's Antique Armour Emporium.
 16498 | Bazaar   | Found Cuad Saps's General Store.
 16502 | Bazaar   | Found Lulout's Distillery.
 16512 | Bazaar   | Found Zups's General Store.
 16553 | Bazaar   | Found Tuum's Armour Boutique.
 16613 | Bazaar   | Bought an ichor-stained kite shield for 247 gold pieces
 16613 | Bazaar   | Identified the +0 kite shield "Ossoduy" {rElec Int+2
                  | Stlth+} (You bought it in a shop in a bazaar)
 16620 | Bazaar   | Bought the +6 plate armour "Qiut" {Harm rCorr Str+6 Dex-3}
                  | for 1006 gold pieces
 16620 | Bazaar   | Bought a scroll of enchant armour for 105 gold pieces
 16646 | Bazaar   | Bought a potion of haste for 140 gold pieces
 16659 | Bazaar   | Bought a potion of heal wounds for 85 gold pieces
 17373 | D:12     | Found Qido's Antique Weapon Shoppe.
 17379 | D:12     | Reached skill level 5 in Invocations
 18496 | D:13     | Noticed Nessos
 18499 | D:13     | Killed Nessos
 18533 | D:13     | Noticed Snorg
 18537 | D:13     | Killed Snorg
 18538 | D:13     | Reached XP level 15. HP: 130/141 MP: 19/19
 18978 | D:14     | Noticed Urug
 18978 | D:14     | Found a gate to the Vaults.
 19003 | D:14     | Identified the +0 chain mail of Hide-and-Seek {rPois}
 19063 | D:14     | Found a transporter.
 19079 | D:14     | Noticed Farlane's ghost (journeyman HOMo)
 19111 | D:14     | Found a transporter.
 19115 | D:14     | Gained Gorbash as an ally
 19119 | D:14     | Noticed Agnes
 19127 | D:14     | Killed Agnes
 19140 | D:14     | Noticed Kirke
 19146 | D:14     | Killed Kirke
 19281 | D:14     | Reached skill level 5 in Shields
 19708 | D:15     | Entered Level 15 of the Dungeon
 19730 | D:15     | Gained Murdo as an ally
 19817 | D:15     | Found Wentan's Magic Scroll Boutique.
 19852 | D:15     | Found Wiajela's Book Shop.
 19905 | D:15     | Found a staircase to the Depths.
 19912 | D:15     | Your ally Murdo died
 20052 | D:15     | Found Apli's Antique Armour Emporium.
 20092 | D:15     | Found Ciofoutu's Weapon Emporium.
 20839 | Elf:1    | Entered Level 1 of the Elven Halls
 20881 | Elf:1    | Noticed Zenata
 20888 | Elf:1    | Killed Zenata
 20895 | Elf:1    | Identified the +5 scale mail "Qerys" {Harm Fly rN++ Str-4}
 21112 | Elf:1    | Reached skill level 22 in Axes
 21226 | Elf:1    | Identified the +8 flail of Peace {heavy, Dex+3}
 21232 | Elf:1    | Noticed an Ice Fiend
 21232 | Elf:1    | Your ally Morun died
 21302 | Elf:1    | Mangled by a +4 heavy dire flail

Illustrated notes

Levels and vault maps discovered:
D:1:      grunt_arrival_lava_bath, layout_loops_ring,
          dilly_ecumenical_altar_fadedgnrine, minivault_14, minmay_tetromino_i4
D:2:      layout_basic, uniq_natasha
D:3:      layout_loops_corners, serial_shops, shop, uniq_crazy_yiuf_cottage
D:4:      layout_cave_pools, minmay_temple_entry_statues_fountains,
          kennysheep_generic_room_9
D:5:      layout_loops_corners, lemuel_doored_altar, st_stairs_2
D:6:      layout_rooms, minmay_ogre_servants, uniq_pikel, uniq_sigmund
D:7:      layout_basic, eino_tiny_chamber, minivault_27, the_hattery
D:8:      layout_basic, grunt_temple_overflow_octagram
D:9:      layout_loops_ring, david_orc_1_choice, enter_bailey_5
D:10:     layout_irregular_city, lemuel_crystal_altar, lair_entry_dummy,
          muffindrake_ghost_dual_entry, small_statue_intersection,
          minmay_misc_feat_diagonals, uniq_psyche, uniq_lodul
D:11:     layout_gridville, serial_shops, bzr_entry_islet, grunt_tough_drop
D:12:     layout_irregular_city, nicolae_stop_n_shop_2, minivault_4
D:13:     layout_irregular_city, minmay_strange_pillars, lemuel_nasty_fountain,
          uniq_snorg, uniq_nessos
D:14:     layout_basic, david_vaults_3, old_standard_altar,
          gammafunk_ghost_stat_death, uniq_kirke, uniq_agnes
D:15:     grunt_enter_depths_magical_seal, layout_long_grid, serial_shops,
          nicolae_inconvenience_store, shop, shop, nicolae_lakefront_shop,
          fountainhead
Lair:1:   layout_misc_corridors, nicolae_quartered_pool_impasse
Lair:2:   layout_chaotic_city, guppyfry_snake_entry_island,
          ebering_ghost_funeral_grove, minivault_25
Lair:3:   layout_cave_pods, elwin_shoals_entry_rooms, dreamdust_wasp_nest,
          serial_bayou_shore_a, grunt_megastairs_4, lemuel_fruit_tree,
          uniq_amaemon, uniq_gastronok
Lair:4:   layout_regular_city, dpeg_slime_entry_enclosed,
          ebering_ghost_inner_flame
Lair:5:   hellmonk_lair_end_abyssal_woods, layout_loops_ring
Orc:1:    layout_caves, basic_altar, mines1_david, uniq_maurice, uniq_jorgrun
Orc:2:    st_orc_rangers, layout_diamond_mine, basic_altar, serial_shops, shop
Elf:1:    layout_loops_corners, orc_legates, minmay_misc_feat_cross,
          hellmonk_bongcloud_opening, uniq_zenata

Skill      XL: |  1  2  3  4  5  6  7  8  9 10 11 12 13 14 15 |
---------------+----------------------------------------------+-----
Fighting       | 4 5 6 7 9 10 12 14 15 16 | 16.7
Axes           | 5 6 7 9 10 12 14 16 18 20 21 22 | 22.1
Armour         | 1 2 3 5 6 8 9 10 11 12 13 | 13.9
Dodging        | 3 4 5 6 |  6.0
Stealth        | 1 2 3 4 |  4.4
Invocations    | 1 2 5 8 |  8.4
Shields        | 3 6 |  6.4
Unarmed Combat | |  0.6

Action                     |  1- 3 |  4- 6 |  7- 9 | 10-12 | 13-15 || total
---------------------------+-------+-------+-------+-------+-------++-------
  Melee: Hand axe          |    88 |   106 |   195 |    50 |    10 ||   449
         Unarmed           |       |     1 |     1 |       |       ||     2
         Battleaxe         |       |       |       |   256 |   464 ||   720
 Invoke: Convert to Beogh  |       |       |     1 |       |       ||     1
         Recall Orcish Fol |       |       |       |     1 |    15 ||    16
         Give Item to Name |       |       |       |     1 |     2 ||     3
         Stop Recall       |       |       |       |       |    12 ||    12
         Smiting           |       |       |       |       |     1 ||     1
         Resurrection      |       |       |       |       |     1 ||     1
    Use: Potion            |       |     1 |     2 |     1 |     2 ||     6
         Scroll            |       |     8 |       |    21 |     4 ||    33
   Stab: Distracted        |       |       |       |     3 |     6 ||     9
 Armour: Robe              |     5 |       |       |       |       ||     5
         Ring mail         |    25 |    15 |       |       |       ||    40
         Plate armour      |       |    46 |   106 |    26 |   105 ||   283
         Scale mail        |       |       |       |   114 |   110 ||   224
  Dodge: Dodged            |    67 |    45 |    38 |   229 |   328 ||   707
